General information
- name: BNet
- type: Ladder team game (AT/RT)
- host: Battle.net
- saver: kickBckRlxNwc3
map: Deadlands
- players: 8
- length: 45:23
- speed: Fast
- version: 1.28 W3XP
- replay type: Public
» download(273 KB)
Players
team 1 (winner)
Forthelight (
pink | 70 APM | 1744 actions | 24:47)
4 Pandaren Brewmaster
2 Breath of Fire
2 Drunken Haze
2 Blood Mage
1 Flame Strike
1 Siphon Mana
» actions
| Build / train | 99 | |
| Enter build submenu | 24 | |
| Enter hero's abilities submenu | 6 | |
| Give item / drop item | 2 | |
| Right click | 1022 | |
| Select / deselect | 530 | |
| Use ability | 61 | |
1744 total
» units
| Peasant | 31 | |
| Footman | 11 | |
| Flying Machine | 15 | |
57 total
» upgrades
| Masonry | 1 | |
| Defend | 1 | |
| Flak Cannons | 1 | |
| Gunpowder | 2 | |
| Flying Machine Bombs | 1 | |
6 total
» buildings
| Altar of Kings | 1 | |
| Farm | 10 | |
| Lumber Mill | 2 | |
| Barracks | 1 | |
| Arcane Vault | 1 | |
| Scout Tower | 13 | |
| Arcane Tower | 2 | |
| Town Hall | 2 | |
| Guard Tower | 14 | |
| Keep | 2 | |
| Blacksmith | 1 | |
| Castle | 2 | |
| Workshop | 3 | |
54 total
» build order
00:21 Altar of Kings
00:24 Farm
00:44 Lumber Mill
00:51 Barracks
01:06 Farm
02:09 Farm
02:17 Arcane Vault
02:20 Scout Tower
02:53 Arcane Tower
03:11 Farm
04:40 Town Hall
04:43 Scout Tower
04:44 Scout Tower
04:44 Scout Tower
04:45 Scout Tower
05:10 Guard Tower
05:11 Guard Tower
05:12 Guard Tower
05:13 Arcane Tower
05:15 Guard Tower
05:44 Scout Tower
06:07 Guard Tower
06:07 Guard Tower
06:34 Keep
06:35 Keep
07:44 Blacksmith
08:54 Farm
08:55 Farm
08:59 Castle
08:59 Castle
09:36 Scout Tower
09:41 Workshop
09:42 Workshop
09:42 Workshop
11:14 Guard Tower
12:09 Farm
12:54 Farm
12:54 Farm
13:23 Farm
15:12 Scout Tower
15:13 Scout Tower
15:13 Scout Tower
15:15 Scout Tower
15:16 Scout Tower
15:16 Scout Tower
15:20 Lumber Mill
15:44 Guard Tower
16:04 Guard Tower
16:05 Guard Tower
16:10 Guard Tower
16:10 Guard Tower
18:04 Town Hall
» items
| Scroll of Regeneration | 4 | |
| Scroll of Town Portal | 1 | |
5 total
kickBckRlxNwc3 (
purple | 78 APM | 3534 actions | 45:23)
5 Archmage
3 Summon Water Elemental
2 Brilliance Aura
3 Mountain King
2 Storm Bolt
1 Bash
» actions
| Assign group hotkey | 93 | |
| Basic commands | 184 | |
| Build / train | 196 | |
| ESC pressed | 8 | |
| Enter build submenu | 54 | |
| Enter hero's abilities submenu | 8 | |
| Give item / drop item | 10 | |
| Right click | 910 | |
| Select / deselect | 593 | |
| Select group hotkey | 1269 | |
| Use ability | 209 | |
3534 total
» units
| Peasant | 21 | |
| Footman | 3 | |
| Rifleman | 9 | |
| Goblin Shredder | 9 | |
| Gryphon Rider | 10 | |
| Priest | 3 | |
| Spell Breaker | 3 | |
58 total
» upgrades
| Gunpowder | 3 | |
| Masonry | 3 | |
| Armor | 3 | |
| Lumber Harvesting | 2 | |
| Animal War Training | 2 | |
| Long Rifles | 1 | |
| Swords | 3 | |
| Storm Hammers | 1 | |
| Cloud | 1 | |
| Plating | 3 | |
| Priest Training | 2 | |
| Sorceress Training | 2 | |
| Fragmentation Shards | 1 | |
| Barrage | 1 | |
| Control Magic | 1 | |
| Flak Cannons | 1 | |
| Flying Machine Bombs | 1 | |
| Flare | 1 | |
| Backpack | 1 | |
| Magic Sentry | 1 | |
34 total
» buildings
| Altar of Kings | 1 | |
| Farm | 10 | |
| Barracks | 2 | |
| Arcane Vault | 1 | |
| Blacksmith | 1 | |
| Lumber Mill | 1 | |
| Keep | 3 | |
| Town Hall | 2 | |
| Scout Tower | 23 | |
| Guard Tower | 40 | |
| Castle | 2 | |
| Gryphon Aviary | 3 | |
| Arcane Sanctum | 3 | |
| Workshop | 2 | |
94 total
» build order
00:54 Altar of Kings
00:57 Farm
00:59 Farm
01:06 Barracks
01:16 Farm
02:11 Arcane Vault
02:14 Blacksmith
02:54 Lumber Mill
03:20 Farm
03:51 Keep
03:51 Keep
03:51 Keep
05:05 Town Hall
05:07 Scout Tower
05:09 Scout Tower
05:44 Guard Tower
06:45 Castle
06:45 Castle
07:44 Gryphon Aviary
07:46 Guard Tower
08:26 Gryphon Aviary
08:55 Scout Tower
08:56 Scout Tower
08:56 Scout Tower
08:58 Scout Tower
09:44 Guard Tower
09:44 Guard Tower
09:44 Guard Tower
09:57 Farm
11:55 Guard Tower
11:56 Guard Tower
11:57 Guard Tower
11:59 Guard Tower
12:00 Guard Tower
12:00 Guard Tower
12:10 Gryphon Aviary
13:10 Scout Tower
13:11 Scout Tower
13:14 Scout Tower
13:17 Scout Tower
13:19 Scout Tower
13:48 Guard Tower
13:48 Guard Tower
13:48 Guard Tower
13:49 Guard Tower
13:49 Guard Tower
13:49 Guard Tower
14:32 Scout Tower
14:33 Scout Tower
14:44 Scout Tower
14:45 Scout Tower
15:01 Guard Tower
15:01 Guard Tower
15:01 Guard Tower
15:17 Guard Tower
15:17 Guard Tower
15:17 Guard Tower
15:48 Farm
15:51 Farm
15:53 Farm
18:17 Farm
18:20 Farm
22:23 Town Hall
22:28 Scout Tower
22:29 Scout Tower
22:29 Scout Tower
22:30 Scout Tower
22:32 Scout Tower
22:32 Scout Tower
23:13 Guard Tower
23:13 Guard Tower
23:41 Guard Tower
23:41 Guard Tower
23:41 Guard Tower
26:09 Scout Tower
26:10 Scout Tower
26:15 Arcane Sanctum
26:47 Guard Tower
26:48 Guard Tower
27:25 Arcane Sanctum
27:28 Arcane Sanctum
27:32 Barracks
27:34 Workshop
27:42 Workshop
» items
| Scroll of Regeneration | 5 | |
| Mechanical Critter | 2 | |
| Staff of Sanctuary | 1 | |
| Boots of Speed | 1 | |
| Periapt of Vitality | 1 | |
| Scroll of Town Portal | 3 | |
| Ivory Tower | 5 | |
| Potion of Healing | 1 | |
| Orb of Fire | 1 | |
| Staff of Teleportation | 2 | |
| Potion of Lesser Invulnerability | 1 | |
23 total
djStaley (
teal | 75 APM | 1858 actions | 24:38)
4 Priestess of the Moon
2 Trueshot Aura
2 Searing Arrows
» actions
| Assign group hotkey | 25 | |
| Basic commands | 180 | |
| Build / train | 45 | |
| Enter build submenu | 14 | |
| Enter hero's abilities submenu | 4 | |
| Right click | 784 | |
| Select / deselect | 197 | |
| Select group hotkey | 592 | |
| Use ability | 17 | |
1858 total
» units
| Wisp | 11 | |
| Archer | 10 | |
| Draenei Disciple | 1 | |
| Druid of the Talon | 4 | |
| Chimaera | 5 | |
31 total
» upgrades
| Improved Bows | 1 | |
| Marksmanship | 1 | |
| Strength of the Wild | 1 | |
| Corrosive Breath | 1 | |
4 total
» buildings
| Altar of Elders | 1 | |
| Moon Well | 6 | |
| Ancient of War | 1 | |
| Tree of Ages | 1 | |
| Hunter's Hall | 1 | |
| Ancient of Wind | 1 | |
| Tree of Eternity | 1 | |
| Chimaera Roost | 2 | |
14 total
» build order
00:10 Altar of Elders
00:20 Moon Well
00:48 Ancient of War
01:36 Moon Well
02:33 Tree of Ages
03:14 Hunter's Hall
03:31 Moon Well
05:09 Ancient of Wind
05:11 Tree of Eternity
07:28 Moon Well
08:09 Chimaera Roost
08:18 Chimaera Roost
08:39 Moon Well
10:07 Moon Well
» items
| Periapt of Vitality | 2 | |
| Circlet of Nobility | 1 | |
3 total

»
Ghetto_McNasty (
red | 59 APM | 1448 actions | 24:26)
5 Demon Hunter
3 Immolation
1 Mana Burn
1 Evasion
» actions
| Assign group hotkey | 23 | |
| Build / train | 66 | |
| Enter build submenu | 20 | |
| Enter hero's abilities submenu | 5 | |
| Right click | 703 | |
| Select / deselect | 312 | |
| Select group hotkey | 283 | |
| Use ability | 36 | |
1448 total
» units
» upgrades
| Strength of the Moon | 2 | |
| Moon Armor | 1 | |
| Improved Bows | 1 | |
| Marksmanship | 1 | |
5 total
» buildings
| Altar of Elders | 1 | |
| Ancient of War | 3 | |
| Moon Well | 8 | |
| Hunter's Hall | 1 | |
| Tree of Life | 1 | |
| Ancient Protector | 3 | |
| Tree of Ages | 1 | |
| Tree of Eternity | 1 | |
19 total
» build order
00:09 Altar of Elders
00:18 Ancient of War
00:21 Moon Well
02:00 Moon Well
02:38 Ancient of War
03:29 Moon Well
04:17 Hunter's Hall
05:15 Moon Well
06:24 Moon Well
08:05 Tree of Life
08:39 Ancient Protector
08:40 Ancient Protector
09:21 Moon Well
09:53 Tree of Ages
10:19 Ancient Protector
11:28 Ancient of War
12:26 Tree of Eternity
15:50 Moon Well
15:54 Moon Well
team 2 (loser)

»
t.poche.man (
blue | 68 APM | 1690 actions | 24:44)
6 Goblin Tinker
3 Pocket Factory
2 Engineering Upgrade
1 Robo-Goblin
» actions
| Assign group hotkey | 38 | |
| Basic commands | 30 | |
| Build / train | 61 | |
| ESC pressed | 1 | |
| Enter build submenu | 23 | |
| Enter hero's abilities submenu | 6 | |
| Give item / drop item | 2 | |
| Right click | 754 | |
| Select / deselect | 307 | |
| Select group hotkey | 395 | |
| Use ability | 73 | |
1690 total
» units
| Wisp | 25 | |
| Archer | 4 | |
| Goblin Shredder | 2 | |
| Faerie Dragon | 7 | |
| Hippogryph | 3 | |
41 total
» upgrades
| Strength of the Wild | 2 | |
| Reinforced Hides | 2 | |
4 total
» buildings
| Moon Well | 9 | |
| Altar of Elders | 2 | |
| Ancient of War | 2 | |
| Tree of Ages | 4 | |
| Tree of Life | 3 | |
| Hunter's Hall | 1 | |
| Ancient of Wonders | 1 | |
| Tree of Eternity | 1 | |
| Ancient of Wind | 3 | |
26 total
» build order
00:03 Moon Well
00:07 Moon Well
01:17 Altar of Elders
01:23 Ancient of War
01:49 Ancient of War
02:05 Moon Well
03:32 Tree of Ages
03:32 Tree of Ages
04:06 Tree of Life
04:37 Hunter's Hall
04:43 Ancient of Wonders
05:58 Tree of Eternity
06:12 Ancient of Wind
06:35 Ancient of Wind
07:11 Ancient of Wind
07:26 Moon Well
08:35 Moon Well
15:18 Tree of Life
16:53 Tree of Life
19:04 Moon Well
19:11 Moon Well
21:04 Moon Well
21:06 Moon Well
21:18 Tree of Ages
23:42 Altar of Elders
» items
| Boots of Speed | 1 | |
| Scroll of Town Portal | 1 | |
| Orb of Venom | 1 | |
3 total
TossinMidgets (
yellow | 50 APM | 2242 actions | 44:54)
6 Blademaster
3 Wind Walk
2 Critical Strike
1 Bladestorm
» actions
| Assign group hotkey | 36 | |
| Basic commands | 280 | |
| Build / train | 84 | |
| Enter build submenu | 86 | |
| Enter hero's abilities submenu | 6 | |
| Give item / drop item | 11 | |
| Remove unit from queue | 1 | |
| Right click | 777 | |
| Select / deselect | 521 | |
| Select group hotkey | 250 | |
| Use ability | 190 | |
2242 total
» units
| Peon | 8 | |
| Grunt | 12 | |
| Goblin Shredder | 2 | |
| Goblin Sapper | 17 | |
| Wind Rider | 4 | |
| Goblin Zeppelin | 2 | |
| Demolisher | 4 | |
49 total
» upgrades
| Reinforced Defenses | 1 | |
| Ranged Weapons | 3 | |
| Armor | 3 | |
| Envenomed Spears | 1 | |
| Burning Oil | 1 | |
9 total
» buildings
| Orc Burrow | 4 | |
| Altar of Storms | 1 | |
| Barracks | 7 | |
| Voodoo Lounge | 4 | |
| War Mill | 2 | |
| Stronghold | 1 | |
| Great Hall | 2 | |
| Watch Tower | 66 | |
| Fortress | 1 | |
| Beastiary | 4 | |
92 total
» build order
00:11 Orc Burrow
00:52 Altar of Storms
00:52 Barracks
01:04 Orc Burrow
01:39 Voodoo Lounge
02:42 War Mill
03:51 Stronghold
05:10 Great Hall
05:12 Watch Tower
05:12 Watch Tower
05:34 Orc Burrow
07:29 Fortress
07:32 Watch Tower
07:33 Watch Tower
07:33 Watch Tower
09:46 Watch Tower
09:47 Watch Tower
09:49 Watch Tower
09:50 Watch Tower
09:51 Watch Tower
11:10 Voodoo Lounge
11:20 Watch Tower
11:24 Watch Tower
11:26 Watch Tower
11:34 Watch Tower
13:26 Watch Tower
13:27 Watch Tower
13:27 Watch Tower
13:32 Watch Tower
13:33 Watch Tower
13:33 Watch Tower
13:33 Watch Tower
13:33 Watch Tower
14:40 Watch Tower
14:40 Watch Tower
14:40 Watch Tower
15:05 Watch Tower
15:05 Watch Tower
15:06 Watch Tower
15:06 Watch Tower
15:07 Watch Tower
15:51 Watch Tower
15:52 Watch Tower
15:53 Watch Tower
17:18 Watch Tower
17:19 Watch Tower
17:19 Watch Tower
18:45 Watch Tower
18:45 Watch Tower
18:46 Watch Tower
19:01 Beastiary
19:03 Beastiary
19:06 Beastiary
19:23 Watch Tower
19:44 Watch Tower
19:46 Watch Tower
19:52 War Mill
21:35 Watch Tower
21:35 Watch Tower
21:37 Watch Tower
22:29 Voodoo Lounge
22:32 Voodoo Lounge
22:37 Watch Tower
22:37 Watch Tower
22:38 Watch Tower
22:38 Watch Tower
24:55 Great Hall
24:59 Watch Tower
24:59 Watch Tower
25:00 Watch Tower
25:00 Watch Tower
25:04 Watch Tower
25:04 Watch Tower
25:05 Watch Tower
25:06 Watch Tower
25:07 Watch Tower
25:08 Watch Tower
25:09 Watch Tower
25:10 Watch Tower
25:10 Watch Tower
25:11 Watch Tower
25:12 Watch Tower
25:13 Watch Tower
25:49 Beastiary
26:29 Orc Burrow
30:44 Barracks
30:45 Barracks
30:46 Barracks
30:48 Barracks
30:50 Barracks
30:52 Barracks
» items
| Healing Salve | 5 | |
| Staff of Teleportation | 1 | |
| Anti-magic Potion | 1 | |
| Orb of Lightning | 1 | |
| Lesser Clarity Potion | 4 | |
| Potion of Healing | 3 | |
| Potion of Mana | 1 | |
16 total
batgirl-man-jok (
green | 47 APM | 2129 actions | 44:54)
5 Blademaster
2 Wind Walk
3 Critical Strike
4 Shadow Hunter
2 Hex
2 Healing Wave
» actions
| Assign group hotkey | 32 | |
| Basic commands | 117 | |
| Build / train | 51 | |
| Enter build submenu | 13 | |
| Enter hero's abilities submenu | 9 | |
| Give item / drop item | 6 | |
| Right click | 837 | |
| Select / deselect | 286 | |
| Select group hotkey | 686 | |
| Use ability | 92 | |
2129 total
» units
» upgrades
| Ranged Weapons | 2 | |
| Armor | 1 | |
| Reinforced Defenses | 1 | |
4 total
» buildings
| Altar of Storms | 1 | |
| Orc Burrow | 4 | |
| Voodoo Lounge | 1 | |
| Stronghold | 3 | |
| War Mill | 2 | |
| Beastiary | 3 | |
| Fortress | 3 | |
| Watch Tower | 9 | |
26 total
» build order
00:07 Altar of Storms
00:18 Orc Burrow
00:48 Voodoo Lounge
02:09 Stronghold
02:09 Stronghold
02:30 Orc Burrow
02:32 Orc Burrow
02:33 Orc Burrow
03:05 War Mill
03:19 War Mill
04:31 Beastiary
04:32 Beastiary
07:44 Fortress
07:44 Fortress
07:45 Fortress
08:24 Watch Tower
08:24 Watch Tower
08:25 Watch Tower
08:25 Watch Tower
10:50 Beastiary
11:49 Watch Tower
11:50 Watch Tower
11:52 Watch Tower
12:24 Watch Tower
12:24 Watch Tower
» items
| Healing Salve | 5 | |
| Lesser Clarity Potion | 1 | |
| Potion of Lesser Invulnerability | 2 | |
| Potion of Mana | 1 | |
| Orb of Lightning | 1 | |
| Staff of Teleportation | 2 | |
| Scroll of Town Portal | 2 | |
14 total
treing (
orange | 39 APM | 1736 actions | 44:54)
3 Paladin
2 Devotion Aura
1 Holy Light
2 Mountain King
1 Bash
1 Storm Bolt
» actions
| Assign group hotkey | 62 | |
| Basic commands | 153 | |
| Build / train | 73 | |
| Enter build submenu | 53 | |
| Enter hero's abilities submenu | 5 | |
| Give item / drop item | 3 | |
| Right click | 332 | |
| Select / deselect | 482 | |
| Select group hotkey | 503 | |
| Use ability | 70 | |
1736 total
» units
| Peasant | 17 | |
| Gryphon Rider | 11 | |
| Goblin Shredder | 1 | |
29 total
» upgrades
| Swords | 3 | |
| Armor | 3 | |
| Lumber Harvesting | 2 | |
| Masonry | 3 | |
| Storm Hammers | 1 | |
| Gunpowder | 1 | |
| Plating | 1 | |
14 total
» buildings
| Farm | 13 | |
| Lumber Mill | 1 | |
| Altar of Kings | 1 | |
| Keep | 2 | |
| Blacksmith | 2 | |
| Arcane Vault | 2 | |
| Castle | 1 | |
| Town Hall | 3 | |
| Scout Tower | 25 | |
| Guard Tower | 10 | |
| Gryphon Aviary | 3 | |
63 total
» build order
00:22 Farm
00:41 Farm
00:57 Farm
01:01 Farm
01:10 Lumber Mill
01:19 Altar of Kings
01:41 Farm
02:21 Farm
02:59 Farm
03:10 Keep
03:10 Keep
03:19 Blacksmith
03:25 Blacksmith
03:37 Farm
04:05 Arcane Vault
04:16 Farm
04:56 Farm
05:48 Castle
06:52 Town Hall
06:58 Scout Tower
07:01 Scout Tower
07:03 Scout Tower
07:07 Scout Tower
07:10 Scout Tower
07:16 Scout Tower
07:20 Scout Tower
07:23 Scout Tower
07:32 Guard Tower
08:06 Scout Tower
08:42 Guard Tower
08:46 Scout Tower
09:25 Guard Tower
09:49 Gryphon Aviary
10:00 Gryphon Aviary
10:04 Gryphon Aviary
12:12 Farm
14:37 Farm
15:54 Farm
17:04 Guard Tower
18:47 Scout Tower
19:20 Scout Tower
19:23 Guard Tower
20:37 Scout Tower
20:38 Guard Tower
21:17 Guard Tower
21:20 Scout Tower
21:41 Arcane Vault
22:34 Scout Tower
22:37 Guard Tower
23:54 Town Hall
25:24 Scout Tower
25:26 Scout Tower
25:27 Scout Tower
25:29 Scout Tower
25:31 Scout Tower
25:33 Scout Tower
26:20 Scout Tower
26:22 Scout Tower
26:24 Scout Tower
26:25 Scout Tower
26:28 Guard Tower
26:38 Guard Tower
29:32 Town Hall
» items
| Healing Salve | 1 | |
| Lesser Clarity Potion | 1 | |
| Scroll of Town Portal | 2 | |
| Orb of Fire | 1 | |
| Scroll of Protection | 2 | |
| Periapt of Vitality | 1 | |
| Potion of Lesser Invulnerability | 1 | |
9 total
Chat log
(00:11 / All) t.poche.man: GAy map
(00:44 / Allies) Ghetto_McNasty: whats the game p[lan
(00:53 / Allies) Ghetto_McNasty: rush?
(01:02 / Allies) kickBckRlxNwc3: cc
(01:46 / Allies) Ghetto_McNasty: im gonna get mass hunts i guess
(02:03 / Allies) Forthelight: foots to tanks here
(02:10 / Allies) Ghetto_McNasty: qwhos got air
(02:15 / Allies) kickBckRlxNwc3: I got air
(02:28 / All) TossinMidgets: WE NEED MORE GOLD
(02:30 / All) TossinMidgets: WE NEED MORE GOLD
(02:38 / All) t.poche.man: More
(06:39 / Allies) Forthelight: ty
(06:41 / Allies) kickBckRlxNwc3: np
(10:29 / Allies) Ghetto_McNasty: wtf
(10:30 / Allies) Ghetto_McNasty: my base
(10:41 / Allies) Forthelight: repair
(10:42 / Allies) Forthelight: exp
(11:51 / All) TossinMidgets: Green = retard
(12:36 / All) TossinMidgets: green dumbest ally I've ever had
(12:59 / All) TossinMidgets: could have got it 3 minutes ago
(13:05 / All) TossinMidgets: and not lost blue
(17:06 / Allies) Forthelight: gotta regroup
(17:10 / Allies) Forthelight: for siege
(17:53 / All) TossinMidgets: why would you go to your expo like that pink
(18:00 / All) TossinMidgets: you pay 50 bux for a mh?
(19:11 / Allies) Forthelight: why purp?
(19:14 / Allies) kickBckRlxNwc3: you're a hacker
(19:16 / Allies) kickBckRlxNwc3: hacker down
(19:23 / Allies) Forthelight: im not lol
(19:27 / Allies) djStaley: wtf
(19:29 / Allies) kickBckRlxNwc3: then why'd you go back to your expo, hacker
(19:36 / Allies) Forthelight: dude
(19:47 / Allies) Forthelight: did u wanted me to destroy those towers with two heros?
(19:59 / Allies) Ghetto_McNasty: i dunno how they blew my base up still
(20:04 / Allies) kickBckRlxNwc3: only killing the hacker btw
(20:08 / Allies) kickBckRlxNwc3: you two are safe
(20:23 / Allies) Forthelight: well then kill me ill sit here
(20:28 / Allies) Forthelight: waiting for the win lol
(20:48 / Allies) Ghetto_McNasty: we need to attack
(22:32 / Allies) Ghetto_McNasty: towers...cant do shit toe m
(22:41 / Allies) Forthelight: hey purp
(22:45 / Allies) kickBckRlxNwc3: what
(22:58 / Allies) Forthelight: give me ur email to send u a pic showing what i see on the map
(23:10 / Allies) kickBckRlxNwc3: nah, I'm good, bad experiences giving out my email in this game ty
(23:16 / Allies) Forthelight: lol
(23:17 / Allies) kickBckRlxNwc3: you could be a japanese hacker
(23:21 / All) TossinMidgets: rape
(23:23 / All) TossinMidgets: patriarchy
(23:41 / All) Forthelight: purp tked me
(23:50 / All) Forthelight: because two or three words yellow said
(23:50 / All) kickBckRlxNwc3: damn straight
(23:54 / All) kickBckRlxNwc3: and now he's trying to get my email
(23:56 / All) Forthelight: and now we all are dumbass
(23:59 / All) kickBckRlxNwc3: probably a japanese identity thief
(24:03 / All) djStaley: lol
(24:03 / All) kickBckRlxNwc3: tryin to steal my credit card
(24:08 / All) Forthelight: ay pendejo soy mexicano no seas estúpdo
(24:21 / All) kickBckRlxNwc3: I don't trust you one bit with my email pal
(24:29 / All) kickBckRlxNwc3: before I know it you're shutting my internet down and calling me by name
(24:30 / All) t.poche.man: ahah bitch
(24:32 / All) Forthelight: then enjoy lose
(24:42 / All) batgirl-man-jok: blue is tker
(24:48 / All) TossinMidgets: haha
(24:49 / All) kickBckRlxNwc3: wow tons of tkers this game
(28:12 / All) TossinMidgets: tk
(28:17 / All) batgirl-man-jok: orange tk?
(28:26 / All) TossinMidgets: GANGBANG HIM
(29:32 / All) TossinMidgets: HAHA
(29:33 / All) TossinMidgets: HAHA
(29:34 / All) TossinMidgets: HAHA
(29:42 / All) batgirl-man-jok: oj tk!!
(29:47 / All) kickBckRlxNwc3: orange was a tker?
(29:50 / All) batgirl-man-jok: blue was gay wouldnt listen one bit
(29:55 / All) batgirl-man-jok: told him to tp
(29:55 / All) TossinMidgets: HAHA
(29:56 / All) batgirl-man-jok: never did
(30:02 / All) TossinMidgets: HAHA
(30:05 / All) TossinMidgets: HE HAS 9 GOLD LOL
(30:06 / All) TossinMidgets: LOL
(30:10 / All) kickBckRlxNwc3: tking scum
(30:11 / All) TossinMidgets: HAHA
(30:15 / All) kickBckRlxNwc3: orange just uninstall
(30:55 / All) batgirl-man-jok: HAHAHA OJ TK
(31:11 / All) TossinMidgets: HAHA
(31:13 / All) batgirl-man-jok: nub
(31:16 / All) batgirl-man-jok: no peasants 4 u
(31:27 / All) batgirl-man-jok: he tried to lure his peasant to his army so i wold die
(31:34 / All) batgirl-man-jok: as i would fall for that
(31:36 / All) batgirl-man-jok: cheap trick
(32:49 / All) TossinMidgets: TK
(32:58 / All) kickBckRlxNwc3: is all of bnet tkers now? what a joke.
(34:20 / All) batgirl-man-jok: only 4 griffs left nub
(34:20 / All) TossinMidgets: next time your birds are dead
(34:37 / All) TossinMidgets: HAHA
(36:17 / All) batgirl-man-jok: we want you to concede that we are your superiors
(36:28 / All) TossinMidgets: HAHA
(36:42 / All) batgirl-man-jok: LOL
(36:45 / All) batgirl-man-jok: suicide
(36:46 / All) TossinMidgets: HAHA
(36:48 / All) batgirl-man-jok: japanese style
(36:50 / All) TossinMidgets: CHECKMATED
(36:57 / All) batgirl-man-jok: i ge tpally kill woot
(37:03 / All) kickBckRlxNwc3: orange is committing suicide to save his honour?
(37:22 / All) batgirl-man-jok: orange just admited he has sex with little boys
(37:28 / All) TossinMidgets: EW
(38:02 / All) batgirl-man-jok: ADMINISTRATORS LAWL
(38:09 / All) batgirl-man-jok: we talk to blizzard regularly nigga
(38:19 / All) TossinMidgets: THIS IS HOW THE GAME IS SUPPOSED TO BE PLAYED
(38:20 / All) kickBckRlxNwc3: in fact one of the players here is an admin
(38:27 / All) kickBckRlxNwc3: he went as one in 4v4 once
(39:39 / All) batgirl-man-jok: all 3 of us post on forum anwyays lolz
(41:07 / All) TossinMidgets: lol
(41:16 / All) TossinMidgets: raped
(41:21 / All) TossinMidgets: HE DID NOT GIVE CONSENT
(42:01 / All) kickBckRlxNwc3: HI OFFICIAL FORUMS
(42:06 / All) kickBckRlxNwc3: I AM ROD
(42:10 / All) kickBckRlxNwc3: BACKSTABBING FOR YEARS
(42:13 / All) kickBckRlxNwc3: AND NO ONE CAN STOP ME
(42:36 / All) kickBckRlxNwc3: ALSO PLZ GIVE US A NEW 4V4 MAP POOL
(42:44 / All) kickBckRlxNwc3: ME AND MY TK FRIENDS REALLy WANT ONE
(42:53 / All) TossinMidgets: youtube.com/lordfarsanky
(42:54 / All) kickBckRlxNwc3: GIVE US MORE PLAYERS TO RAPE
(42:56 / All) TossinMidgets: best WC3 channel
(43:11 / All) TossinMidgets: Underground, but totally FRESH
(43:16 / All) kickBckRlxNwc3: Orange is gonna make us famous
(43:16 / All) TossinMidgets: DIG IT?
(43:17 / All) kickBckRlxNwc3: WOOOOOO
(43:28 / All) TossinMidgets: Turncoat/AngryPeons/LordFarsanky was here
(43:45 / All) TossinMidgets: SUBSCRIBE AND SMASH THAT LIKE BUTTON